 Dungeon Crawl Stone Soup version 0.31-a0-424-g41b3b0883d (webtiles) character file.

Game seed: 3307999664991488962

110 AIAndy the Ruffian (level 4, -4/28 HPs)
             Began as an Octopode Shapeshifter on July 30, 2023.
             Slain by Grinder (5 damage)
             ... on level 3 of the Dungeon.
             The game lasted 00:05:01 (2130 turns).

AIAndy the Ruffian (Octopode Shapeshifter)          Turns: 2130, Time: 00:05:01

Health: -4/28      AC:  1    Str: 16    XL:     4   Next: 91%
Magic:  4/4        EV: 13    Int: 10    God:
Gold:   17         SH:  0    Dex: 12    Spells: 3/3 levels left

rFire   . .          .
                       - Unarmed
rCold   . . .        (no shield)
rNeg    . . .        (helmet currently unavailable)
rPois   .            (no amulet)
rElec   .            v - ring of see invisible
rCorr   .            (no ring)
SInv    +            (no ring)
Will    .....        (no ring)
Stlth   ++           (no ring)
HPRegen 0.24/turn    (no ring)
MPRegen 0.09/turn    (no ring)
                     (no ring)

%: no passive effects
@: beast-form
A: beast (slay +2), almost no armour, amphibious, 8 rings, camouflage 1,
gelatinous body 1, (nimble swimmer 1), tentacles
a: Begin Untransformation


You were on level 3 of the Dungeon.
You were a hulking beast.
You visited 1 branch of the dungeon, and saw 3 of its levels.

You collected 112 gold pieces.
You spent 95 gold pieces at shops.


Innate Abilities, Weirdness & Mutations

You are a hulking beast.
Your limbs bulge with bestial killing power. (Slay +2)
You cannot wear most types of armour.
You are amphibious.
You can wear up to eight rings at the same time.
Your skin changes colour to match your surroundings (Stealth+).
Your rubbery body absorbs attacks. (AC +1, EV +1)
((You are camouflaged when in or above water. (Stealth+)))
You have tentacles for arms and can constrict up to eight enemies at once.


   Skills:
 - Level 1.0 Fighting
 - Level 2.0 Dodging
 + Level 4.3 Unarmed Combat
 + Level 4.0 Shapeshifting


You had 3 spell levels left.
You didn't know any spells.
Your spell library was empty.

Inventory:

Hand Weapons
 h - a +1 whip of freezing
Missiles
 d - 6 poisoned darts (quivered)
Armour
 f - a +0 tower shield
Magical Staves
 m - a staff of death
Jewellery
 v - a ring of see invisible (left tentacle)
Talismans
 b - a beast talisman (active)
Wands
 n - a wand of iceblast (8)
Scrolls
 e - 3 scrolls of identify {@r1}
 g - a scroll of immolation {unknown}
 i - a scroll of silence {unknown}
 j - a scroll of vulnerability {unknown}
 k - a scroll of teleportation {unknown}
 l - a scroll of blinking
Potions
 a - a potion of lignification {!q}
 c - a potion of might

Dungeon Overview and Level Annotations

Branches:
Dungeon (3/15)

Altars:

Shops:
D:1 ?

Annotations:
D:3 Grinder

..........†.....<....#
#####...####.>.......#
#........#######.#
###...###### #.#
#......# ####.#
#.#...^########.....
#.#................# #
#.......#.###.#...
#h##.##.#.###.#.##
#.5.........)...#.##
.........##...8.8.....
#.###.#.##.#
..▒+▒...## #.#......
$▒ ▒...# #.#....... ▒
▒▒▒.# # ##. .##.▒ ▒.#
.. .▒ ▒.# ▒.#


You could see Grinder.


Message History

Found a dagger.
Found 6 stones.
There is a stone staircase leading down here.
Grinder comes into view.
Found 8 gold pieces.
Grinder shouts!
Aiming: Iceblast
Press: ? - help, Shift-Dir - straight line, f - Grinder
Aim: Grinder The mass of ice explodes!
The iceblast engulfs Grinder.
Grinder partially resists.
Grinder is lightly wounded.
Aiming: Iceblast
Press: ? - help, Shift-Dir - straight line, f/p - Grinder
Aim: Grinder (lightly wounded)
The mass of ice explodes!
The iceblast engulfs Grinder!
Grinder partially resists.
Grinder is moderately wounded.
Grinder gestures at you. Pain shoots through your body! Grinder hits you.
* * * LOW HITPOINT WARNING * * *
You writhe in agony.
* * * LOW HITPOINT WARNING * * *
You tentacle-slap Grinder. Your grab misses Grinder.
Grinder is moderately wounded.
Grinder hits you!
* * * LOW HITPOINT WARNING * * *
You writhe in agony.
You die...

Skill      XL: |  1  2  3  4 |
---------------+-------------+-----
Unarmed Combat | 4 |  4.3
Shapeshifting  | 4 |  4.0
Fighting       | |  1.0
Dodging        | |  2.0

Action                     |  1- 3 |  4- 6 || total
---------------------------+-------+-------++-------
  Melee: Unarmed           |    56 |    32 ||    88
         Constrict         |    10 |     7 ||    17
         Tentacles         |     8 |     2 ||    10
         Punch             |     1 |       ||     1
  Evoke: Wand              |       |     2 ||     2
    Use: Scroll            |     1 |       ||     1
   Stab: Sleeping          |     5 |     4 ||     9
 Armour: Skin              |     5 |     2 ||     7
  Dodge: Dodged            |    39 |    14 ||    53

Levels and vault maps discovered:
D:1:      dpeg_arrival_another_circle, layout_basic, serial_shops,
          nicolae_shop_pleasant_corner_grove
D:2:      kennysheep_big_flooded_room, layout_basic
D:3:      layout_loops_cross, lemuel_tele_altar, lemuel_crystal_altar,
          dreamdust_ecumenical_altar_angels_and_demons, serial_shops, shop,
          uniq_grinder

Notes
Turn   | Place    | Note
-------+----------+-------------------------------------------
     0 | D:1      | AIAndy the Octopode Shapeshifter began the quest for the
                  | Orb.
     0 | D:1      | Reached XP level 1. HP: 13/13 MP: 1/1
   168 | D:1      | Reached XP level 2. HP: 17/18 MP: 2/2
   384 | D:1      | Found Hentum's Magic Scroll Boutique.
   389 | D:1      | Bought a scroll of identify for 20 gold pieces
   838 | D:2      | Reached XP level 3. HP: 22/23 MP: 3/3
   968 | D:2      | Reached skill level 4 in Unarmed Combat
   968 | D:2      | Reached XP level 4. HP: 4/28 MP: 4/4
  1821 | D:1      | Bought a scroll of blinking for 75 gold pieces
  2004 | D:3      | Reached skill level 4 in Shapeshifting
  2124 | D:3      | Noticed Grinder
  2130 | D:3      | HP: 1/28 [Grinder (9)]
  2130 | D:3      | Slain by Grinder

Vanquished Creatures
  4 gnolls (D:2)
  2 adders
  A worm (D:2)
  3 dart slugs
  11 ball pythons
  2 bats
  An endoplasm (D:1)
  A goblin (D:1)
  5 hobgoblins
  2 quokkas
  2 frilled lizards (D:2)
  7 kobolds
  4 rats
45 creatures vanquished.

Table legend: (Time is in decaauts)
 A = Elapsed time spent in this place.
 B = Non-inter-level travel time spent in this place.
 C = Inter-level travel time spent in this place.
 D = Time resting spent in this place.
 E = Time spent auto-exploring this place.
 F = Levels seen in this place.
 G = Mean time per level.
                   A        B        C        D        E       F      G
               +--------+--------+--------+--------+--------+-----+--------+
         Total |   2124 |   1984 |    140 |    115 |   1534 |   3 |  708.0 |
       Dungeon |   2124 |   1984 |    140 |    115 |   1534 |   3 |  708.0 |
               +--------+--------+--------+--------+--------+-----+--------+

Top non-repeatable levels by time:
     D:2: 1178 daAuts
     D:1: 691 daAuts
     D:3: 254 daAuts

Table legend:
 A = Non-vault XP
 B = Vault XP
 C = Vault XP percentage of total XP
 D = Non-vault monster count
 E = Vault monster count
 F = Vault count percentage of total count
                 A         B        C        D         E       F
            +---------+---------+-------+---------+---------+-------
      Total |     154 |       4 |   2.5 |      43 |       2 |   4.4
            +---------+---------+-------+---------+---------+-------
        D:1 |      31 |       0 |   0.0 |      16 |       0 |   0.0
        D:2 |     106 |       4 |   3.6 |      24 |       2 |   7.7
        D:3 |      17 |       0 |   0.0 |       3 |       0 |   0.0
            +---------+---------+-------+---------+---------+-------
